 Dungeon Crawl Stone Soup version 0.22.1 (webtiles) character file.

604 dohliylev the Covert (level 7, -2/46 HPs)
             Began as a Vampire Enchanter on Sept 19, 2018.
             Slain by a gnoll
             ... wielding a +0 spear
              (6 damage)
             ... on level 4 of the Dungeon.
             The game lasted 00:12:16 (3400 turns).

dohliylev the Covert (Vampire Enchanter)            Turns: 3400, Time: 00:12:17

Health: -2/46      AC:  2    Str:  7    XL:     7   Next: 18%
Magic:  2/10       EV: 15    Int: 20    God:
Gold:   239        SH:  0    Dex: 14    Spells: 7/10 levels left

rFire    . . .     SeeInvis +   a - +1 dagger
rCold    . . .     Gourm    .   (no shield)
rNeg     + . .     Faith    .   b - +0 robe
rPois    .         Spirit   .   (no helmet)
rElec    .         Reflect  .   q - scarf {repulsion}
rCorr    .         Harm     .   (no gloves)
MR       .....                  (no boots)
Stlth    ++++......             (no amulet)
HPRegen  0.15/turn              (no ring)
MPRegen  0.12/turn              (no ring)

@: about to teleport, repel missiles
A: fangs 3, see invisible, unbreathing
a: Bat Form


You were on level 4 of the Dungeon.
You were not thirsty.

You visited 1 branch of the dungeon, and saw 4 of its levels.

You collected 239 gold pieces.

Inventory:

Hand Weapons
 a - a +1 dagger (weapon)
Armour
 b - a +0 robe (worn)
 q - a scarf of repulsion (worn)
Scrolls
 e - 3 scrolls of identify {unknown}
 g - 4 scrolls of teleportation
 i - 2 scrolls of enchant armour {unknown}
 l - a scroll of random uselessness {unknown}
 m - 3 scrolls of fog {unknown}
 o - 2 scrolls of remove curse {unknown}
 r - a scroll of immolation {unknown}
Potions
 c - a potion of might {unknown}
 d - 19 potions of blood
 f - 2 potions of cancellation {unknown}
 h - a potion of haste {unknown}
 j - 2 potions of lignification {unknown}
 k - 2 potions of curing {unknown}
 n - a potion of agility {unknown}
 p - a potion of degeneration {unknown}


   Skills:
 + Level 4.5 Short Blades
 + Level 4.9 Dodging
 - Level 8.3 Stealth
 - Level 2.0 Spellcasting
 - Level 5.0 Hexes
 - Level 1.3 Ice Magic


You had 7 spell levels left.
You knew the following spells:

 Your Spells              Type           Power        Failure   Level  Hunger
a - Corona                Hex            ###....      1%          1    #......
b - Ensorcelled Hibernat  Hex/Ice        ##....       6%          2    ##.....

Your spell library contained the following spells:

 Spells                   Type           Power        Failure   Level  Hunger
 Confuse                  Hex            ###.....     6%          3    ###....
 Tukima's Dance           Hex            ###.....     6%          3    ###....
 Dazzling Spray           Conj/Hex       ##....       17%         3    ###....


Dungeon Overview and Level Annotations

Branches:
Dungeon (4/15)
 Temple: D:4-7

Altars:
Gozag
Ru
The Shining One

Annotations:
D:4 3 runed doors, KomradDre's ghost, amateur MiFi


Innate Abilities, Weirdness & Mutations

You have razor-sharp teeth.
You have supernaturally acute eyesight. (SInv)
You can survive without breathing.


Message History

The gnoll is severely wounded.
The howler monkey hits you. The gnoll barely misses you. x2
You barely miss the gnoll.
The gnoll is severely wounded.
The howler monkey barely misses you. The gnoll closely misses you. x2
You hit the gnoll but do no damage.
The gnoll is severely wounded.
The howler monkey hits you!
You barely miss the howler monkey.
The gnoll hits you from afar with a spear.
The gnoll misses you.
The howler monkey hoots and howls with incredible vigour!
You barely miss the howler monkey. The gnoll closely misses you.
The howler monkey barely misses you. The gnoll hits you with a club!
* * * LOW HITPOINT WARNING * * *
As you read the scroll labeled TOIVUINTAO, it crumbles to dust.
You feel strangely unstable.
It was a scroll of teleportation.
The howler monkey misses you.
The gnoll hits you from afar with a spear.
You die...

#...[........## #
#.............#
..##............##
................##
#...............
#.........####.
#....h.g.......
##†####.##.....
#.h@gg.)......
######........
.........
#$.......
........>
.........
.........


You could see a howler monkey and 2 gnolls.

Vanquished Creatures
  Sigmund (D:3)
  Edmund (D:4)
  A centaur (D:3)
  A howler monkey (D:4)
  A hound (D:4)
  A worker ant (D:4)
  4 gnolls
  3 adders (D:3)
  2 oozes
  A worm (D:2)
  3 leopard geckos
  7 orcs
  2 ball pythons
  6 giant cockroaches
  7 goblins
  10 hobgoblins
  2 jackals
  7 kobolds
  9 bats
  5 frilled lizards
  A quokka skeleton (D:4)
  9 rats
84 creatures vanquished.

Notes
Turn   | Place    | Note
-------+----------+-------------------------------------------
     0 | D:1      | dohliylev the Vampire Enchanter began the quest for the
                  | Orb.
     0 | D:1      | Reached XP level 1. HP: 13/13 MP: 3/3
   331 | D:1      | Reached XP level 2. HP: 19/19 MP: 5/5
   348 | D:1      | Reached skill level 5 in Stealth
   388 | D:1      | Learned a level 2 spell: Ensorcelled Hibernation
   420 | D:1      | Reached skill level 5 in Hexes
  1076 | D:2      | Reached XP level 3. HP: 24/24 MP: 6/6
  1082 | D:2      | Reached skill level 6 in Stealth
  1358 | D:2      | Found a glowing golden altar of the Shining One.
  1851 | D:3      | Reached skill level 7 in Stealth
  1851 | D:3      | Reached XP level 4. HP: 13/30 MP: 0/7
  2036 | D:3      | Noticed a centaur
  2064 | D:3      | Killed a centaur
  2064 | D:3      | Reached skill level 8 in Stealth
  2064 | D:3      | Reached skill level 1 in Ice Magic
  2064 | D:3      | Reached XP level 5. HP: 6/35 MP: 3/8
  2514 | D:3      | Found a sacrificial altar of Ru.
  2613 | D:3      | Noticed Sigmund
  2618 | D:3      | Killed Sigmund
  2618 | D:3      | Reached XP level 6. HP: 36/41 MP: 6/9
  3240 | D:4      | Noticed Edmund
  3245 | D:4      | Killed Edmund
  3291 | D:4      | Found a runed gate.
  3299 | D:4      | Reached XP level 7. HP: 46/46 MP: 5/10
  3300 | D:4      | Found a runed gate.
  3301 | D:4      | Found a runed gate.
  3352 | D:4      | Noticed KomradDre's ghost (amateur MiFi)
  3353 | D:4      | Found an opulent altar of Gozag.
  3400 | D:4      | Slain by a gnoll

Skill      XL: |  1  2  3  4  5  6 |
---------------+-------------------+-----
Stealth        | 5 7 8 |  8.3
Hexes          | 5 |  5.0
Ice Magic      | 1 |  1.3
Short Blades   | 3 4 |  4.5
Dodging        | 3 4 |  4.9
Spellcasting   | |  2.0

Action                   |  1- 3 |  4- 6 |  7- 9 || total
-------------------------+-------+-------+-------++-------
Melee: Dagger            |   170 |   117 |    20 ||   307
       Bite              |     5 |     5 |     2 ||    12
 Cast: Corona            |     2 |     1 |       ||     3
       Ensorcelled Hiber |    17 |    18 |     7 ||    42
  Use: Scroll            |       |       |     1 ||     1
 Stab: Sleeping          |    23 |    12 |     4 ||    39
       Paralysed         |       |     1 |       ||     1
  Eat: Corpse            |    15 |     2 |     1 ||    18
Armor: Robe              |    22 |    32 |       ||    54
Dodge: Dodged            |    88 |    84 |    21 ||   193
